 Dungeon Crawl Stone Soup version 0.17-a0-1582-ge6b0260 (webtiles) character file.

939 patman the Cleaver (level 7, -1/57 HPs)
             Began as a Minotaur Berserker on July 27, 2015.
             Was a Believer of Trog.
             Slain by a spiny frog (15 damage)
             ... while paralysed
             ... on level 2 of the Lair of Beasts.
             The game lasted 00:04:59 (1705 turns).

patman the Cleaver (Minotaur Berserker)             Turns: 1705, Time: 00:04:59

Health: -1/57      AC:  9    Str: 22    XL:     7   Next: 87%
Magic:  6/6        EV:  2    Int:  4    God:    Trog [**....]
Gold:   198        SH:  0    Dex: 11    Spells: 0 memorised, 6 levels left

rFire  . . .     SeeInvis .     f - +2 hand axe (distort)
rCold  . . .     Clarity  .     j - +1 chain mail
rNeg   . . .     SustAt   .     s - +0 buckler
rPois  .         Gourm    .     (helmet restricted)
rElec  .         Spirit   .     (no cloak)
rCorr  .         Warding  .     (no gloves)
rMut   .         Stasis   .     (no boots)
MR     .....                    A - amulet of inaccuracy (curse)
Stlth  ..........               (no ring)
                                (no ring)

@: paralysed, lethally poisoned (-1 -> -20), exhausted, slowed, not resistant to
hostile enchantments, extremely unstealthy
A: retaliatory headbutt, horns 2
a: Burn Spellbooks, Berserk, Trog's Hand, Renounce Religion


You were on level 2 of the Lair of Beasts.
You worshipped Trog.
Trog was pleased with you.
You were very hungry.

You visited 2 branches of the dungeon, and saw 10 of its levels.

You collected 198 gold pieces.

Inventory:

Hand weapons
 a - a +0 hand axe
 f - a +2 hand axe of distortion (weapon)
 v - a +1 whip of electrocution
Armour
 b - a +0 animal skin
 i - a +0 scale mail
 j - a +1 chain mail (worn)
 s - a +0 buckler (worn)
Jewellery
 A - a cursed amulet of inaccuracy (around neck)
Scrolls
 e - 2 scrolls of teleportation
 k - a scroll of fog
 l - a scroll of magic mapping
Potions
 d - a potion of brilliance
 g - a potion of ambrosia
 m - 2 potions of might
 o - a potion of haste {unknown}
 p - a potion of poison {unknown}
 r - a potion of agility {unknown}
 t - a potion of mutation {unknown}
 w - a potion of curing {unknown}
Comestibles
 c - 2 bread rations
 h - 6 fruits
 q - a beef jerky
 z - 2 meat rations


   Skills:
 - Level 3.6 Fighting
 + Level 11.2 Axes
 - Level 2.4 Armour
 - Level 2.1 Dodging


You had 6 spell levels left.
You didn't know any spells.

Dungeon Overview and Level Annotations

Branches:
Dungeon (8/15)               Lair (2/8) D:8
 Temple: D:4-7

Altars:

Shops:
D:6 [


Innate Abilities, Weirdness & Mutations

You reflexively headbutt those who attack you in melee.
You have a pair of horns on your head.


Message History

You feel yourself moving faster!
You feel mighty!
You feel somewhat more hungry.
You slash the spiny frog!
Space bends around the spiny frog.
The spiny frog is heavily wounded.
The spiny frog stings you!
You hit the spiny frog. You headbutt the spiny frog.
The spiny frog is severely wounded.
The spiny frog blinks!
You feel a strong urge to attack something.
There is a stone staircase leading up, spattered with blood here.
You feel your anger subside.
You are no longer berserk.
You pass out from exhaustion.
You feel yourself slow down.
You are feeling very hungry.
The spiny frog stings you! x2
* * * LOW HITPOINT WARNING * * *
You are lethally poisoned!
The spiny frog poisons you! The spiny frog stings you!
You die...

##..... ....
.#.#.# #....
...........
##.#.#.#....
#...........
##.#.#.#....
#..<........
#.#.#.#.#....
#...@.......
#.#.#F#.#....
##...........
##.#.#.#....
...........
##.#.# #....
#.. .... ...
..


You could see a spiny frog.

Vanquished Creatures
  A porcupine (Lair:1)
  A phantom (D:6)
  An orc warrior (D:8)
  The ghost of Viceroy the Charmwright, an average HESk (D:4)
  A centaur (D:7)
  3 wights (D:8)
  A giant frog skeleton (D:5)
  Terence (D:2)
  2 orc priests
  An orc wizard (D:6)
  3 worker ants
  An iguana (Lair:1)
  A hound zombie (D:6)
  7 river rats (Lair:1)
  A shadow imp (D:6)
  An adder (D:2)
  11 orcs
  3 bats
  A bat skeleton (D:8)
  4 hobgoblins
  A quokka (D:8)
  3 goblins
  A kobold (D:6)
  3 rats
  A fungus (D:8)
55 creatures vanquished.

Vanquished Creatures (others)
  An orc priest (D:4)
  3 river rats (Lair:1)
  A hobgoblin (D:8)
  A fungus (D:8)
6 creatures vanquished.

Grand Total: 61 creatures vanquished

Notes
Turn   | Place    | Note
--------------------------------------------------------------
     0 | D:1      | patman the Minotaur Berserker began the quest for the Orb.
     0 | D:1      | Reached XP level 1. HP: 19/19 MP: 0/0
    28 | D:2      | Reached skill level 4 in Axes
    29 | D:2      | Reached XP level 2. HP: 24/26 MP: 1/1
    42 | D:2      | Noticed Terence
    48 | D:2      | Killed Terence
    48 | D:2      | Reached skill level 5 in Axes
    48 | D:2      | Reached XP level 3. HP: 22/31 MP: 2/2
   156 | D:4      | Noticed Viceroy's ghost (average HESk)
   161 | D:4      | Killed Viceroy's ghost
   161 | D:4      | Reached skill level 6 in Axes
   161 | D:4      | Reached XP level 4. HP: 39/39 MP: 3/3
   175 | D:4      | Reached XP level 5. HP: 20/45 MP: 4/4
   178 | D:4      | Reached skill level 7 in Axes
   265 | D:5      | Entered Level 5 of the Dungeon
   473 | D:6      | Found Quer Tup's Antique Armour Boutique.
   551 | D:6      | Reached skill level 8 in Axes
   551 | D:6      | Reached XP level 6. HP: 35/51 MP: 5/5
   606 | D:6      | Noticed a phantom
   621 | D:6      | Killed a phantom
   944 | D:7      | Acquired Trog's second power
   944 | D:7      | Reached skill level 9 in Axes
  1335 | D:8      | Reached XP level 7. HP: 57/57 MP: 6/6
  1402 | D:8      | Reached skill level 10 in Axes
  1444 | D:8      | Noticed a hippogriff
  1478 | D:8      | Found a staircase to the Lair.
  1494 | Lair:1   | Entered Level 1 of the Lair of Beasts
  1533 | Lair:1   | Reached skill level 11 in Axes
  1696 | Lair:2   | Noticed a spiny frog
  1705 | Lair:2   | Slain by a spiny frog

Vault maps used:
D:1:      dpeg_arrival_houses_and_road
D:2:      first_bread, uniq_sigmund, uniq_robin, uniq_terence
D:3:      ecumenical_altar_1, minivault_27
D:4:      black_bear_nest_2, minmay_temple_entry_poolview, portal_sewer_entry_e,
          grunt_decor_fettered
D:5:      lemuel_ice_spiral_2
D:6:      serial_shops, nicolae_shop_statue_plus, basic_altar
D:7:      uniq_pikel
D:8:      dpeg_oklobed_lair, serial_shops, shop, grunt_livestock, minivault_14,
          uniq_psyche
Lair:2:   kennysheep_abandoned_house, basic_altar, st_stairs_12,
          columned_hall_lemuel

Action                   |  1- 3 |  4- 6 |  7- 9 || total
-------------------------+-------+-------+-------++-------
Melee: Hand axe          |     9 |    77 |    56 ||   142
Invok: Berserk           |     2 |     1 |     1 ||     4
  Use: Scroll            |       |     9 |     1 ||    10
  Eat: Chunk             |       |     2 |       ||     2
       Royal jelly       |       |     1 |       ||     1
       Beef jerky        |       |       |     1 ||     1
